 Dungeon Crawl Stone Soup version 0.17-a0-755-g4391640 (webtiles) character file.

276 oplop the Gusty (level 6, -5/32 HPs)
             Began as a Tengu Air Elementalist on Apr 23, 2015.
             Slain by a gnoll
             ... wielding a +0 flail
              (14 damage)
             ... on level 3 of the Dungeon.
             The game lasted 00:07:17 (2972 turns).

oplop the Gusty (Tengu Air Elementalist)            Turns: 2972, Time: 00:07:17

Health: -5/32      AC:  3    Str:  9    XL:     6   Next: 25%
Magic:  4/12       EV: 12    Int: 19    God:
Gold:   214        SH:  0    Dex: 14    Spells: 4 memorised, 4 levels left

rFire  . . .     SeeInvis .     h - +0 whip
rCold  + . .     Clarity  .     a - +1 robe
rNeg   . . .     SustAb   .     (no shield)
rPois  .         Gourm    .     (helmet restricted)
rElec  .         Spirit   .     (no cloak)
rCorr  .         Warding  .     (no gloves)
rMut   .         Stasis   .     (boots unavailable)
MR     .....                    (no amulet)
Stlth  ++........               m - ring of protection from cold
                                f - +2 ring of intelligence

@: repel missiles, not resistant to hostile enchantments, unstealthy
A: beak, talons 3, able to fly 1
a: Fly


You were on level 3 of the Dungeon.
You were very hungry.

You visited 1 branch of the dungeon, and saw 3 of its levels.

You collected 214 gold pieces.

Inventory:

Hand weapons
 h - a +0 whip (weapon)
 i - a +2 dagger of venom
Armour
 a - a +1 robe (worn)
Jewellery
 f - a +2 ring of intelligence (left hand)
 l - an uncursed ring of protection from magic
 m - a ring of protection from cold (right hand)
Scrolls
 e - 2 scrolls of amnesia
 g - 5 scrolls of remove curse
 o - a scroll of enchant armour
 p - a scroll of blinking
 q - 3 scrolls of identify
Potions
 k - a potion of agility {unknown}
 r - a potion of resistance {unknown}
 t - a potion of restore abilities {unknown}
Books
 b - a book of Air

   Spells                             Type                      Level
   a - Shock                          Conjuration/Air              1
   b - Swiftness                      Charms/Air                   2
   c - Repel Missiles                 Charms/Air                   2
   d - Flight                         Charms/Air                   3
   e - Static Discharge               Conjuration/Air              3
   f - Lightning Bolt                 Conjuration/Air              5
Comestibles
 c - 3 bread rations
 d - 2 meat rations
 j - 2 chunks of flesh
 s - a slice of pizza


   Skills:
 - Level 2.1 Dodging
 - Level 2.0 Stealth
 + Level 3.7 Spellcasting
 + Level 4.9 Conjurations
 + Level 5.8 Air Magic


You had 4 spell levels left.
You knew the following spells:

 Your Spells              Type           Power        Failure   Level  Hunger
a - Shock                 Conj/Air       ###.         1%          1    None
b - Repel Missiles        Chrm/Air       ##....       10%         2    ##.....
c - Static Discharge      Conj/Air       ###.....     6%          3    ###....
s - Swiftness             Chrm/Air       ##......     10%         2    ##.....


Dungeon Overview and Level Annotations

Branches:
Dungeon (3/15)

Altars:
Makhleb
Vehumet


Innate Abilities, Weirdness & Mutations

You have a beak for a mouth.
You have claws for feet.
You can fly.


Message History

The zap misses the gnoll.
Casting: Shock
Confirm with . or Enter, or press ? or * to list all spells.
Aiming: Shock
Press: ? - help, Shift-Dir - straight line, f/p - gnoll
Aim: a gnoll, wielding a mace (almost dead)
The zap hits the gnoll.
You kill the gnoll!
You start resting.
The gnoll shouts!
Casting: Shock
Confirm with . or Enter, or press ? or * to list all spells.
The gnoll is struck by lightning.
The gnoll is heavily wounded.
The lightning arcs!
You are struck by lightning.
* * * LOW HITPOINT WARNING * * *
The lightning arcs!
The gnoll is struck by lightning.
The gnoll is almost dead.
The lightning grounds out.
The gnoll hits you with a flail!
You die...

#..# ##.#.# #.#.#
#.####.#####.
#..####....###.#.#
#............
#.......#....[...#
#..###.......
##.####....###.###
#..# #######.
#.#####....##.#
#..# #.
##....o....##.#
#..# #.
#####..o..##.#
#..# #.
#..#####.######..#
#. #..#
#..@g.....# #.
#..# #.######..#
#. #..# #.# #..#
#. #####..#
#.######..#
#######. #..<...#
#.........#
#....... #####.##
#########.#
#)###### #.# #.#
#.# #.# #.# #.#
#.# #.###.######


You could see a gnoll.

Vanquished Creatures
  2 orc wizards (D:3)
  An orc priest (D:3)
  6 gnolls
  3 adders
  An ooze (D:2)
  2 worms (D:2)
  16 orcs
  5 bats
  2 giant cockroaches (D:1)
  7 hobgoblins
  2 jackals (D:1)
  A ball python (D:1)
  5 giant newts
  6 goblins
  10 kobolds
  5 rats
74 creatures vanquished.

Notes
Turn   | Place    | Note
--------------------------------------------------------------
     0 | D:1      | oplop, the Tengu Air Elementalist, began the quest for the Orb.
     0 | D:1      | Reached XP level 1. HP: 10/10 MP: 4/4
   292 | D:1      | Reached XP level 2. HP: 9/15 MP: 0/6
   960 | D:2      | Reached XP level 3. HP: 15/19 MP: 5/7
  1339 | D:2      | Found a radiant altar of Vehumet.
  1339 | D:2      | Found a burning altar of Makhleb.
  1913 | D:2      | Reached XP level 4. HP: 24/24 MP: 2/9
  2136 | D:3      | Learned a level 3 spell: Static Discharge
  2139 | D:3      | Learned a level 2 spell: Repel Missiles
  2142 | D:3      | Learned a level 2 spell: Swiftness
  2154 | D:3      | Reached skill level 5 in Air Magic
  2157 | D:3      | Gained mutation: You can fly. [Tengu growth]
  2157 | D:3      | Reached XP level 5. HP: 22/28 MP: 4/10
  2218 | D:3      | HP: 1/28 [gnoll/spear (5)]
  2866 | D:3      | Reached XP level 6. HP: 21/32 MP: 0/12
  2972 | D:3      | Slain by a gnoll

Action                   |  1- 3 |  4- 6 || total
-------------------------+-------+-------++-------
Melee: Whip              |    54 |    28 ||    82
 Cast: Shock             |    57 |    64 ||   121
       Static Discharge  |       |     5 ||     5
       Repel Missiles    |       |     1 ||     1
  Use: Scroll            |     6 |       ||     6
       Potion            |       |     3 ||     3
 Stab: Sleeping          |     1 |       ||     1
  Eat: Chunk             |     2 |     4 ||     6
